 Dungeon Crawl Stone Soup version 0.29.1-1-gd02db6906a (webtiles) character file.

Game seed: 13864817347350702308

8 Ashen the Chiller (level 2, 14/19 HPs)
             Began as a Demonspawn Ice Elementalist on Oct 20, 2022.
             Got out of the dungeon alive.
             The game lasted 00:00:50 (344 turns).

Ashen the Chiller (Demonspawn Ice Elementalist)      Turns: 344, Time: 00:00:51

Health: 14/19      AC:  2    Str:  8    XL:     2   Next: 0%
Magic:  0/5        EV: 12    Int: 16    God:
Gold:   0          SH:  0    Dex: 13    Spells: 4/5 levels left

rFire   . . .      SeeInvis .   (no weapon)
rCold   . . .      Faith    .   (no shield)
rNeg    . . .      Spirit   .   a - +0 robe
rPois   .          Reflect  .   (no helmet)
rElec   .          Harm     .   (no cloak)
rCorr   .          Rampage  .   (no gloves)
Will    .....                   (no boots)
Stlth   ++........              (no amulet)
HPRegen 0.06/turn               (no ring)
MPRegen 0.09/turn               (no ring)

@: no status effects
A: claws 1
a: no special abilities


You escaped.
You visited 1 branch of the dungeon, and saw 1 of its levels.

Inventory:

Armour
 a - a +0 robe (worn)


   Skills:
 + Level 2.0 Dodging
 + Level 2.0 Stealth
 + Level 2.1 Spellcasting
 + Level 3.7 Ice Magic


You had 4 spell levels left.
You knew the following spells:

 Your Spells              Type           Power      Damage    Failure   Level
a - Freeze                Ice            52%        1d7       4%          1

Your spell library contained the following spells:

 Spells                   Type           Power      Damage    Failure   Level
 Frozen Ramparts          Ice            26%        1d4       13%         3
 Ozocubu's Armour         Ice            13%        N/A       13%         3
 Hailstorm                Conj/Ice       7%         3d4       67%         4


Dungeon Overview and Level Annotations

Branches:
Dungeon (1/15)

Altars:


Innate Abilities, Weirdness & Mutations

You have sharp fingernails.


Message History

Press: ? - help, Shift-Dir - straight line, f/p - rat
Aim: a rat (heavily wounded)
You freeze the rat.
You kill the rat!
Your Stealth skill increases to level 2!
Magic restored.
A goblin comes into view. It is wielding a +2 dagger of pain.
You see here a rat skeleton.
Casting: Freeze (safe; 4% risk of failure)
Confirm with . or Enter, or press ? or * to list all spells.
Aiming: Freeze (safe; 4% risk of failure)
Press: ? - help, Shift-Dir - straight line, f - goblin
Aim: a goblin, wielding a +2 dagger of pain You freeze the goblin.
The goblin is moderately wounded.
The goblin misses you.
Casting: Freeze (safe; 4% risk of failure)
Confirm with . or Enter, or press ? or * to list all spells.
Aiming: Freeze (safe; 4% risk of failure)
Press: ? - help, Shift-Dir - straight line, f/p - goblin
Aim: a goblin, wielding a +2 dagger of pain (moderately wounded)
You freeze the goblin.
The goblin is heavily wounded.
The goblin hits you with a +2 dagger of pain.
Casting: Freeze (safe; 4% risk of failure)
Confirm with . or Enter, or press ? or * to list all spells.
Aiming: Freeze (safe; 4% risk of failure)
Press: ? - help, Shift-Dir - straight line, f/p - goblin
Aim: a goblin, wielding a +2 dagger of pain (heavily wounded)
You freeze the goblin.
You kill the goblin!
Your Dodging skill increases to level 2!
You have reached level 2!
You feel monstrous as your demonic heritage exerts itself.
Your demonic ancestry asserts itself...
Your fingernails lengthen.
There is a staircase leading out of the dungeon here.
You see here a hobgoblin skeleton.
Are you sure you want to leave the Dungeon?
This will make you lose the game!
You have escaped!

...#..#
##.......
#........
#.#..#..#..
##..........
#.............
#.÷#..#..#..8..
#..............
#@.............
#.)............
#..#..#..#..8..
#....).........
##.)..÷.....$..
#.#.)#..#..#.
#.!...........
##............
#...#..#..#..


There were no monsters in sight!

Vanquished Creatures
  A bat (D:1)
  A giant cockroach (D:1)
  A goblin (D:1)
  A hobgoblin (D:1)
  2 kobolds (D:1)
  A rat (D:1)
7 creatures vanquished.

Vanquished Creatures (others)
  2 plants (D:1)
2 creatures vanquished.

Grand Total: 9 creatures vanquished

Notes
Turn   | Place    | Note
-------+----------+-------------------------------------------
     0 | D:1      | Ashen the Demonspawn Ice Elementalist began the quest for
                  | the Orb.
     0 | D:1      | Reached XP level 1. HP: 13/13 MP: 3/3
   342 | D:1      | Discovered your monstrous ancestry.
   342 | D:1      | Gained mutation: You have sharp fingernails. [demonic
                  | ancestry]
   342 | D:1      | Reached XP level 2. HP: 14/19 MP: 0/5
   344 | D:$      | Got out of the dungeon alive.

Illustrated notes

Levels and vault maps discovered:
D:1:      co_arrival_hall_of_pillars, layout_loops_ring,
          shapermc_ecumenical_altar_rom_forum, minmay_misc_feat_chi

Skill      XL: |  1 |
---------------+----+-----
Stealth        | 2 |  2.0
Dodging        | 2 |  2.0
Spellcasting   | |  2.1
Ice Magic      | |  3.7

Action                   || total
-------------------------++-------
Melee: Unarmed           ||     6
 Cast: Freeze            ||    12
  Use: Potion            ||     1
Armor: Robe              ||     5
Dodge: Dodged            ||    19
